 Dungeon Crawl Stone Soup version bcrawl-1.17.3 (webtiles) character file.

Game seed: 4316940319297866721

194668 Bnni the Warrior (level 18, 0/183 HPs)
             Began as a Mana Stalker Archaeologist on Oct 19, 2019.
             Was the Champion of Trog.
             Slain by a shock serpent (4 damage)
             ... on level 2 of the Snake Pit.
             The game lasted 01:26:57 (24770 turns).

Bnni the Warrior (Mana Stalker Archaeologist)      Turns: 24770, Time: 01:26:57

Health: 0/183      AC: 34    Str: 25    XL:     18   Next: 31%
Magic:  19/19      EV:  9    Int: 14    God:    Trog [******]
Gold:   1687       SH: 10    Dex: 15    Spells: 17/17 levels left

rFire    + + .     SeeInvis +   a - +8 double sword (freeze)
rCold    . . .     Gourm    +   X - +0 buckler {reflect}
rNeg     + + +     Faith    .   S - +10 plate armour "Ymouq" {*Drain rPois rF+ rN+++}
rPois    +         Spirit   .   K - +1 helmet of the Tundras {rElec}
rElec    +         Reflect  +   c - +2 cloak of the Game of Life {MR+ SInv}
rCorr    +         Harm     .   (no gloves)
MR       +++++                  d - +1 pair of boots
Stlth    ..........             T - amulet of the gourmand
HPRegen  0.80/turn              H - ring of protection from fire
MPRegen  0.16/turn              j - ring of resist corrosion

@: berserking, lethally poisoned (0 -> -2), very quick
A: fangs 3, magic resistance 3, regeneration 1, antimagic bite, no potion heal
3, rot immunity, strong jaws
}: 1/15 runes: decaying
a: Berserk, Trog's Hand, Brothers in Arms, Renounce Religion


You were on level 2 of the Snake Pit.
You worshipped Trog.
Trog was exalted by your worship.
You were not hungry.

You visited 6 branches of the dungeon, and saw 24 of its levels.
You also visited: Gauntlet.

You collected 2692 gold pieces.
You spent 1005 gold pieces at shops.

Inventory:

Hand Weapons
 a - a +8 double sword of freezing (weapon)
 f - the +6 scimitar of Flaming Death {sticky flame, rF++ rC- MR+}

   It has been specially enchanted to burn those struck by it, causing extra
   injury to most foes and up to half again as much damage against particularly
   susceptible opponents.
   Big, fiery blades are also staple armaments of hydra-hunters.
   It greatly protects you from fire.
   It makes you vulnerable to cold.
   It affects your resistance to hostile enchantments.
 p - a +5 blowgun
 Y - the +12 eveningstar of Exquisite Torment {crush, Str+7 Int+2 Dex-5}
   (Trog gifted it to you in the Orcish Mines)

   It inflicts extra damage upon your enemies.
   It affects your strength (+7).
   It affects your intelligence (+2).
   It affects your dexterity (-5).
Missiles
 L - 568 javelins (quivered)
 M - 20 javelins of penetration
 U - 47 curare-tipped needles
Armour
 c - the +2 cloak of the Game of Life (worn) {MR+ SInv}
   (You found it in a Gauntlet)

   It affects your resistance to hostile enchantments.
   It lets you see invisible.
 d - a +1 pair of boots (worn)
 K - the +1 helmet of the Tundras (worn) {rElec}
   (You found it in a Gauntlet)

   It insulates you from electricity.
 S - the +10 plate armour "Ymouq" (worn) {*Drain rPois rF+ rN+++}
   (You found it in a Gauntlet)

   It protects you from fire.
   It protects you from poison.
   It renders you almost immune to negative energy.
   It causes draining when unequipped.
 X - a +0 buckler of reflection (worn)
Jewellery
 j - a ring of resist corrosion (right hand)
 C - an uncursed ring of flight
 H - a ring of protection from fire (left hand)
 T - an amulet of the gourmand (around neck)
Wands
 o - a wand of iceblast (18)
 s - a wand of disintegration (49)
 v - a wand of flame (57)
 w - a wand of acid (17)
 y - a wand of paralysis (11)
 E - a wand of digging (22)
 F - a wand of clouds (7)
 I - a wand of polymorph (11)
Scrolls
 e - 7 scrolls of remove curse
 l - 9 scrolls of identify
 m - a scroll of fog
 q - 9 scrolls of teleportation
 r - a scroll of summoning
 x - a scroll of fear
 D - 5 scrolls of enchant armour
 G - a scroll of vulnerability
 J - a scroll of magic mapping
 O - 3 scrolls of immolation
 Z - a scroll of brand weapon
Potions
 b - 4 potions of resistance
 h - 5 potions of might
 i - 6 potions of mutation
 k - 6 potions of agility
 n - 2 potions of invisibility
 t - 5 potions of berserk rage
 u - 3 potions of lignification
 z - 2 potions of cancellation
 A - 8 potions of haste
 B - 5 potions of magic
 N - 2 potions of brilliance
 P - 2 potions of ambrosia
Comestibles
 g - 50 rations {!d}


   Skills:
 + Level 16.9 Fighting
 - Level 16.1 Long Blades
 - Level 0.8 Maces & Flails
 * Level 14.2 Throwing
 - Level 12.0 Armour
 - Level 3.0 Dodging
 - Level 5.2 Stealth
 - Level 4.3 Shields
 - Level 0.2 Spellcasting


You had 17 spell levels left.
You didn't know any spells.
Your spell library contained the following spells:

 Spells                   Type           Power        Failure   Level  Hunger
 Flame Tongue             Conj/Fire      #....        95%         1    ##.....
 Shock                    Conj/Air       #....        95%         1    ##.....
 Ensorcelled Hibernation  Hex/Ice        #.....       98%         2    ###....
 Flaming Arrows           Chrm/Fire      #.......     98%         2    ###....
 Swiftness                Chrm/Air       #.......     98%         2    ###....
 Beckoning                Tloc           #.........   100%        3    ####...
 Conjure Flame            Conj/Fire      #.......     100%        3    ####...
 Inner Flame              Hex/Fire       N/A          100%        3    ####...
 Leda's Liquefaction      Hex/Erth       #.........   100%        3    ####...
 Portal Projectile        Tloc           #.....       100%        3    ####...
 Static Discharge         Air            #.......     100%        3    ####...
 Airstrike                Air            #.........   100%        4    #####..
 Force Lance              Tloc           #.......     100%        4    #####..
 Sticky Flame             Conj/Fire      #.......     100%        4    #####..
 Bolt of Magma            Conj/Fire/Erth #.........   100%        5    ######.
 Fireball                 Conj/Fire      #.........   100%        5    ######.
 Iskenderun's Battlesphe  Conj/Chrm      #.......     100%        5    ######.
 Lightning Bolt           Conj/Air       #.........   100%        5    ######.
 Metabolic Englaciation   Hex/Ice        #.........   100%        5    ######.
 Piercing Shot            Chrm           #.........   100%        5    ######.
 Silence                  Hex/Air        #.........   100%        5    ######.
 Deflect Missiles         Chrm/Air       #.........   100%        6    #######
 Dispersal                Tloc           #.........   100%        6    #######
 Infestation              Hex/Tmut/Pois  #........    100%        6    #######
 Iron Shot                Conj/Erth      #.........   100%        6    #######
 Ozocubu's Refrigeration  Ice            #.........   100%        6    #######
 Statue Form              Tmut/Erth      #........    100%        6    #######
 Haunt                    Necr/Summ      #.........   100%        7    #######
 Icicle Burst             Conj/Ice       #.........   100%        7    #######
 Malign Gateway           Summ/Tloc      #.........   100%        7    #######
 Monstrous Menagerie      Summ           #.........   100%        7    #######
 Summon Greater Demon     Summ           #.........   100%        7    #######
 Controlled Blink         Tloc           N/A          100%        8    #######
 Discord                  Hex            #.........   100%        8    #######
 Summon Horrible Things   Summ           #.........   100%        8    #######
 Shatter                  Erth           #.........   100%        9    #######


Dungeon Overview and Level Annotations

Branches:
Dungeon (12/12)            Temple (1/1) D:5            Lair (5/6) D:9
  Swamp (3/3) Lair:3        Snake (2/3) Lair:4          Orc (1/1) D:8
    Elf (0/3) Orc          Vaults (0/3) D:12         Depths (0/5) D:12
  Slime: Lair:5-6

Altars:
Ashenzari
Cheibriados
Dithmenos
Elyvilon
Fedhas
Gozag
Hepliaklqana
Kikubaaqudgha
Lugonu
Makhleb
Nemelex Xobeh
Okawaru
Qazlal
Ru
Sif Muna
Trog
Uskayaw
Vehumet
Wu Jian
Xom
Yredelemnul
Zin
The Shining One
Beogh

Shops:
D:7 *   D:8 [   D:9 :   D:10 !   Orc **((   Snake:1 [

Portals:
Trove: D:12 (give 2 scrolls of acquirement)


Innate Abilities, Weirdness & Mutations

You have razor-sharp teeth.
You are extremely resistant to the effects of hostile enchantments. (MR+++)
Your natural rate of healing is unusually fast.
Your bite disrupts and absorbs the magic of your enemies.
Potions cannot restore your health.
You are immune to rotting.
Your bites deal extra damage.


Message History

The black mamba bites you!
* * * LOW HITPOINT WARNING * * *
You are more poisoned.
The black mamba poisons you! The naga hits you but does no damage.
The naga closely misses you. You block the naga's attack.
The shock serpent bites you but does no damage.
You completely miss the shock serpent.
The shock serpent is almost dead.
You feel sick. The black mamba barely misses you.
The mana viper completely misses you.
The naga hits you with a +0 short sword!
* * * LOW HITPOINT WARNING * * *
You block the naga's attack.
The black mamba bites you but does no damage.
A red film seems to cover your vision as you go berserk!
You feel yourself moving faster!
You feel mighty!
You feel a lot more hungry.
You feel sick. The naga barely misses you. The shock serpent bites you!
* * * LOW HITPOINT WARNING * * *
The shock serpent shocks you. You resist.
You die...

≈≈≈.####≈P≈....
................
............N..
#............ #.........N#
#..........##
##......)NN..#
#......)SSN..#
##......))@S..##
#......))......#
........)).....############
...........................
...............>...........
...........................
###########################


You could see a shock serpent, a mana viper, a black mamba, a naga mage and 4
nagas.

Vanquished Creatures
  Saint Roka (Orc)
  Nikola (Swamp:3)
  A bone dragon (Swamp:3)
  A thorn hunter (Swamp:2)
  Frances (Swamp:1)
  A nagaraja (Snake:1)
  An orc warlord (Orc)
  Aizul (Swamp:2)
  2 very ugly things
  A minotaur (Gauntlet)
  The ghost of pheathergobbo575 the Covert, a journeyman NaSA of Cheibriados (Lair:3)
  Snorg (Orc)
  A fire dragon (D:12)
  A death ooze (Gauntlet)
  A great orb of eyes (D:10)
  A rakshasa (Snake:1)
  A vault guard (D:12)
  9 hydras
  A hell beast (Gauntlet)
  6 naga warriors
  Psyche (D:11)
  3 shambling mangroves
  2 ghost crabs
  4 anacondas (Snake:1)
  An ogre mage (D:10)
  9 centaur warriors
  A queen ant (Lair:4)
  9 two-headed ogres
  5 orc high priests
  7 alligators
  3 shock serpents
  A deep elf knight (D:12)
  Sonja (Lair:2)
  4 naga sharpshooters (Snake:1)
  A salamander mystic (Snake:1)
  3 death drakes
  A skeletal warrior (D:12)
  2 spriggan druids (Swamp:2)
  An unseen horror (D:12)
  A swamp dragon (Swamp:3)
  A sea snake (Snake:2)
  6 cyclopes
  6 naga ritualists
  4 wizards
  2 phantasmal warriors (Swamp:3)
  A lindwurm (Lair:4)
  A spectral hydra (Swamp:3)
  5 orc knights
  2 wolf spider zombies
  A necromancer (D:12)
  An oklob plant (D:5)
  3 deep elf magi (D:12)
  7 salamanders
  10 ugly things
  11 mana vipers
  5 orc sorcerers
  2 manticores
  An elephant (Lair:5)
  5 centaur zombies
  17 black mambas
  14 naga magi
  19 cane toads
  7 centaur skeletons
  2 guardian serpents (Snake:1)
  2 minotaur zombies (Gauntlet)
  10 rime drakes
  2 swamp worm zombies (Swamp:3)
  7 komodo dragons
  6 tyrant leeches
  12 trolls
  3 hydra zombies (Swamp:3)
  A polar bear (Lair:4)
  16 hornets
  17 blink frogs
  12 hippogriffs
  5 bog bodies
  21 slime creatures
  3 alligator zombies (Swamp:3)
  5 spectral swamp dragons (Swamp:3)
  2 shadows
  19 spriggans
  3 wyverns
  2 wraiths
  37 yaks
  A vampire (D:12)
  13 humans (D:12)
  A steam dragon (D:8)
  5 basilisks
  16 vampire mosquitoes
  A redback simulacrum (D:12)
  2 hungry ghosts
  6 insubstantial wisps
  8 wargs (Orc)
  3 acid dragons
  7 swamp worms
  17 nagas
  15 water moccasins
  11 soldier ants
  6 porcupines
  6 swamp drakes
  53 orc warriors
  5 sky beasts
  2 ice beasts
  6 phantoms
  3 swamp dragon zombies (Swamp:3)
  19 ogres
  18 wolves
  8 centaurs
  4 boggarts
  6 crocodiles
  20 bullfrogs
  2 big kobolds
  5 scorpions
  6 howler monkeys
  A bullfrog zombie (D:6)
  3 crimson imps
  4 hounds
  4 jellies
  36 orc priests
  2 bullfrog skeletons
  Terence (D:2)
  3 iguanas
  16 orc wizards
  43 worker ants
  A hound skeleton (D:4)
  A worker ant zombie (D:6)
  A howler monkey skeleton (D:9)
  15 gnolls
  A swamp drake zombie (Swamp:3)
  15 adders
  A river rat (Lair:2)
  4 shadow imps
  An adder skeleton (D:2)
  5 worms
  3 dart slugs
  2 leopard geckos
  125 orcs
  3 bats
  7 giant cockroaches
  6 goblins
  10 hobgoblins
  3 quokkas
  A ball python (D:3)
  3 frilled lizards
  12 kobolds
  3 rats
  3 briar patches (Swamp:2)
  8 plants
1034 creatures vanquished.

Vanquished Creatures (collateral kills)
  Rupert (D:12)
  An orc knight (D:12)
  A spectral swamp dragon (Swamp:3)
  An alligator zombie (Swamp:3)
  3 humans (D:12)
  An insubstantial wisp (Swamp:3)
  A phantom (Swamp:3)
  A swamp dragon zombie (Swamp:3)
  A hound (D:12)
11 creatures vanquished.

Vanquished Creatures (others)
  2 naga sharpshooters (Snake:1)
  2 insubstantial wisps (Swamp:3)
  17 plants
21 creatures vanquished.

Grand Total: 1066 creatures vanquished

Notes
Turn   | Place    | Note
-------+----------+-------------------------------------------
     0 | D:1      | Bnni the Vine Stalker Archaeologist began the quest for the
                  | Orb.
     0 | D:1      | Reached XP level 1. HP: 11/11 MP: 2/2
    20 | D:1      | Reached skill level 1 in Fighting
    97 | D:1      | Reached XP level 2. HP: 17/17 MP: 3/3
   597 | D:2      | Noticed Terence
   620 | D:2      | Killed Terence
   620 | D:2      | Reached XP level 3. HP: 10/23 MP: 4/4
   710 | D:2      | Reached XP level 4. HP: 28/28 MP: 5/5
   759 | D:2      | Reached skill level 1 in Long Blades
   996 | D:2      | Reached XP level 5. HP: 26/32 MP: 6/6
  1292 | D:3      | Noticed an ice beast
  1302 | D:3      | Killed an ice beast
  1346 | D:3      | Gained mutation: You have razor-sharp teeth. [Vine Stalker
                  | growth]
  1346 | D:3      | Reached XP level 6. HP: 38/38 MP: 7/7
  1622 | D:3      | Reached skill level 5 in Long Blades
  1870 | D:3      | Found a corrupted altar of Lugonu.
  2499 | D:4      | Found a basalt altar of Yredelemnul.
  2529 | D:4      | Noticed a sky beast
  2559 | D:4      | Killed a sky beast
  2559 | D:4      | Reached XP level 7. HP: 33/44 MP: 8/8
  2644 | D:4      | Found a white marble altar of Elyvilon.
  2840 | D:4      | Reached skill level 5 in Fighting
  3198 | D:5      | Entered Level 5 of the Dungeon
  3237 | D:5      | Found a stormy altar of Qazlal.
  3372 | D:5      | Reached skill level 1 in Shields
  3376 | D:5      | Reached skill level 5 in Stealth
  3428 | D:5      | Found a staircase to the Ecumenical Temple.
  3510 | D:5      | Gained mutation: Your bite disrupts and absorbs the magic
                  | of your enemies. [Mana Stalker growth]
  3510 | D:5      | Gained mutation: You are resistant to hostile enchantments.
                  | (MR+) [Mana Stalker growth]
  3510 | D:5      | Reached XP level 8. HP: 44/49 MP: 8/9
  3559 | Temple   | Entered the Ecumenical Temple
  3571 | Temple   | Became a worshipper of Trog the Wrathful
  3664 | D:5      | Found a blossoming altar of Fedhas.
  3685 | D:5      | Noticed an oklob plant
  3729 | D:5      | Killed an oklob plant
  4067 | D:6      | Noticed a hippogriff
  4081 | D:6      | Killed a hippogriff
  4083 | D:6      | Reached XP level 9. HP: 36/55 MP: 10/10
  4823 | D:7      | Found Heeman's Island Escapes.
  4932 | D:7      | Bought a scroll of blinking for 105 gold pieces
  4932 | D:7      | Bought a scroll of fog for 28 gold pieces
  4932 | D:7      | Bought a scroll of blinking for 105 gold pieces
  4953 | D:7      | Noticed a komodo dragon
  4968 | D:7      | Killed a komodo dragon
  4968 | D:7      | Reached * piety under Trog
  5306 | D:7      | Found a shimmering blue altar of Sif Muna.
  5477 | D:8      | Reached XP level 10. HP: 61/64 MP: 11/11
  5526 | D:8      | Found Iseib's Armour Boutique.
  5649 | D:8      | Reached ** piety under Trog
  5679 | D:8      | Found a hide-covered altar of Uskayaw.
  5753 | D:8      | Found an ancient bone altar of Kikubaaqudgha.
  5794 | D:8      | Found a shadowy altar of Dithmenos.
  5813 | D:8      | Got a heavily runed plate armour
  5814 | D:8      | Identified the +1 plate armour of Abluach {rC- Slay+6} (You
                  | found it on level 8 of the Dungeon)
  5945 | D:8      | Reached skill level 10 in Long Blades
  6033 | D:8      | Found a staircase to the Orcish Mines.
  6294 | D:9      | Found a staircase to the Lair.
  6524 | D:9      | Found a shattered altar of Ashenzari.
  6698 | D:9      | Found Munypp's Book Emporium.
  6879 | D:10     | Entered Level 10 of the Dungeon
  6986 | D:10     | Reached XP level 11. HP: 43/72 MP: 12/12
  7032 | D:10     | Reached skill level 10 in Fighting
  7042 | D:10     | Reached *** piety under Trog
  7153 | D:10     | Found Nailoa's Distillery.
  7166 | D:10     | Bought a potion of haste for 150 gold pieces
  7186 | D:10     | Noticed a great orb of eyes
  7193 | D:10     | Killed a great orb of eyes
  7210 | D:10     | Noticed a cyclops
  7217 | D:10     | Killed a cyclops
  7295 | D:10     | Noticed a cyclops
  7322 | D:10     | Killed a cyclops
  7339 | D:10     | Noticed a two-headed ogre
  7340 | D:10     | Noticed an ogre mage
  7340 | D:10     | Noticed a two-headed ogre
  7356 | D:10     | Killed a two-headed ogre
  7362 | D:10     | Killed an ogre mage
  7368 | D:10     | Killed a two-headed ogre
  7368 | D:10     | Gained mutation: You are highly resistant to hostile
                  | enchantments. (MR++) [Mana Stalker growth]
  7368 | D:10     | Reached XP level 12. HP: 50/80 MP: 13/13
  7474 | D:10     | Reached **** piety under Trog
  7681 | D:10     | Noticed a brown very ugly thing
  7800 | D:10     | Found a shadowy altar of Dithmenos.
  8017 | D:10     | Killed a brown very ugly thing
  8483 | D:11     | Found a gate leading to a gauntlet.
  8502 | Gauntlet | Entered a Gauntlet
  8502 | Gauntlet | Found a transporter.
  8502 | Gauntlet | Found a transporter.
  8517 | Gauntlet | Found a transporter.
  8518 | Gauntlet | Found a transporter.
  8533 | Gauntlet | Found a transporter.
  8554 | Gauntlet | Found a transporter.
  8554 | Gauntlet | Found a transporter.
  8568 | Gauntlet | Noticed a death ooze
  8572 | Gauntlet | Found a transporter.
  8576 | Gauntlet | Found a transporter.
  8582 | Gauntlet | Found a transporter.
  8583 | Gauntlet | Noticed a hell beast
  8721 | Gauntlet | Killed a hell beast
  8732 | Gauntlet | Got a jewelled helmet
  8743 | Gauntlet | Identified the +1 helmet of the Tundras {rElec} (You found
                  | it in a Gauntlet)
  8783 | Gauntlet | Killed a death ooze
  8783 | Gauntlet | Reached skill level 1 in Armour
  8792 | Gauntlet | Got a translucent cloak
  8803 | Gauntlet | Identified the +2 cloak of the Game of Life {MR+ SInv} (You
                  | found it in a Gauntlet)
  8862 | Gauntlet | Noticed a minotaur
  8872 | Gauntlet | Killed a minotaur
  8926 | Gauntlet | Got a faintly humming plate armour
  8950 | D:11     | Noticed a two-headed ogre
  8954 | D:11     | Killed a two-headed ogre
  8954 | D:11     | Reached XP level 13. HP: 86/86 MP: 14/14
  9000 | D:11     | Reached skill level 5 in Armour
  9102 | D:11     | Identified the +9 morningstar of Fujuso Ryli {freeze, rN++}
  9173 | D:11     | Identified Anoow's Guide on Snow
  9216 | D:11     | Noticed Psyche
  9233 | D:11     | Killed Psyche
  9377 | D:11     | Identified the +10 plate armour "Ymouq" {*Drain rPois rF+
                  | rN+++} (You found it in a Gauntlet)
  9496 | D:11     | Found a shimmering altar of Xom.
  9674 | D:11     | Got a pitted whip
  9739 | D:11     | Reached ***** piety under Trog
  9911 | D:12     | Entered Level 12 of the Dungeon
  9950 | D:12     | Received a gift from Trog
 10165 | D:12     | Reached XP level 14. HP: 72/94 MP: 15/15
 10270 | D:12     | Noticed a green very ugly thing
 10271 | D:12     | Noticed Rupert
 10280 | D:12     | Killed a green very ugly thing
 10280 | D:12     | Reached skill level 10 in Armour
 10290 | D:12     | Killed Rupert
 10333 | D:12     | Reached skill level 15 in Long Blades
 10359 | D:12     | Found a gate to the Vaults.
 10569 | D:12     | HP: 4/94 [orc warrior/+0 halberd (30)]
 10710 | D:12     | Found a staircase to the Depths.
 11161 | D:12     | Received a gift from Trog
 11369 | D:12     | Found a portal to a secret trove of treasure.
 11540 | Lair:1   | Entered Level 1 of the Lair of Beasts
 11743 | Lair:1   | Reached XP level 15. HP: 100/100 MP: 16/16
 12871 | Lair:2   | Got a slimy quarterstaff
 13042 | Lair:2   | Noticed Sonja
 13070 | Lair:2   | Killed Sonja
 13355 | Lair:2   | Received a gift from Trog
 13670 | Lair:3   | Reached skill level 1 in Throwing
 13687 | Lair:3   | Found a large runed translucent door.
 13687 | Lair:3   | Found a large runed translucent door.
 13696 | Lair:3   | Noticed pheathergobbo575's ghost (journeyman NaSA)
 13724 | Lair:3   | Killed pheathergobbo575's ghost
 14084 | Lair:3   | Found a staircase to the Swamp.
 14354 | Lair:4   | Found a staircase to the Snake Pit.
 14745 | Lair:4   | Received a gift from Trog
 14927 | Lair:4   | Found a shimmering blue altar of Sif Muna.
 14935 | Lair:4   | Got a warped lajatang
 14942 | Lair:4   | Identified the +3 lajatang of the Big Fish {protect, rF-
                  | rC+ SInv} (You found it on level 4 of the Lair of Beasts)
 15506 | Lair:5   | Reached skill level 5 in Throwing
 15743 | Lair:5   | Got a twisted lajatang
 16161 | Lair:5   | Received a gift from Trog
 16172 | Lair:5   | Gained mutation: You are extremely resistant to the effects
                  | of hostile enchantments. (MR+++) [Mana Stalker growth]
 16172 | Lair:5   | Reached XP level 16. HP: 101/107 MP: 17/17
 17000 | Orc      | Entered the Orcish Mines
 17535 | Orc      | Found a staircase to the Elven Halls.
 17652 | Orc      | Noticed Snorg
 17664 | Orc      | Killed Snorg
 17771 | Orc      | Reached skill level 15 in Fighting
 17778 | Orc      | Received a gift from Trog
 17780 | Orc      | Got a warped eveningstar {god gift}
 17783 | Orc      | Identified the +12 eveningstar of Exquisite Torment {crush,
                  | Str+7 Int+2 Dex-5} (Trog gifted it to you in the Orcish
                  | Mines)
 17794 | Orc      | Reached ****** piety under Trog
 17803 | Orc      | Found a roughly hewn altar of Beogh.
 17987 | Orc      | Found Coexogown's Assorted Antiques.
 18065 | Orc      | Bought a scroll of identify for 66 gold pieces
 18065 | Orc      | Bought a scroll of identify for 66 gold pieces
 18065 | Orc      | Bought a scroll of identify for 66 gold pieces
 18229 | Orc      | Noticed Saint Roka
 18265 | Orc      | Killed Saint Roka
 18406 | Orc      | Found Waorotzi's Assorted Antiques.
 18436 | Orc      | Bought a bronze wand for 104 gold pieces
 18784 | Orc      | Found a roughly hewn altar of Beogh.
 18939 | Orc      | Found Utiof's Antique Weapon Boutique.
 18949 | Orc      | Found Mairiafe's Antique Weapon Shop.
 19308 | Swamp:1  | Entered Level 1 of the Swamp
 19327 | Swamp:1  | Received a gift from Trog
 19667 | Swamp:1  | Noticed Frances
 19674 | Swamp:1  | Killed Frances
 19746 | Swamp:1  | Found a shattered altar of Ashenzari.
 20025 | Swamp:1  | Reached skill level 10 in Throwing
 20447 | Swamp:2  | Noticed a thorn hunter
 20459 | Swamp:2  | Killed a thorn hunter
 20513 | Swamp:2  | Noticed Aizul
 20531 | Swamp:2  | Killed Aizul
 20650 | Swamp:2  | Reached XP level 17. HP: 79/114 MP: 18/18
 21465 | Swamp:3  | Entered Level 3 of the Swamp
 21560 | Swamp:3  | Noticed Nikola
 21646 | Swamp:3  | Killed Nikola
 21646 | Swamp:3  | Received a gift from Trog
 21882 | Swamp:3  | HP: 5/115 [alligator zombie (11)]
 21888 | Swamp:3  | HP: 1/115 [alligator zombie (6)]
 22015 | Swamp:3  | Noticed a bone dragon
 22038 | Swamp:3  | Killed a bone dragon
 22157 | Swamp:3  | Got a decaying rune of Zot
 22907 | Snake:1  | Entered Level 1 of the Snake Pit
 22907 | Snake:1  | Found Wovvafi's Antique Armour Emporium.
 22920 | Snake:1  | Bought a spiked scale mail for 315 gold pieces
 22920 | Snake:1  | Identified the +5 scale mail of Perpetual Drought {+Inv
                  | rElec rC+ rCorr} (You bought it in a shop on level 1 of the
                  | Snake Pit)
 22974 | Snake:1  | Received a gift from Trog
 23344 | Snake:1  | Identified the cursed +0 chain mail "Qybb" {rC+ Int+2}
 23733 | Snake:1  | Received a gift from Trog
 23733 | Snake:1  | Reached XP level 18. HP: 116/122 MP: 19/19
 24525 | Snake:2  | Found a shimmering altar of Xom.
 24770 | Snake:2  | HP: 4/183 [shock serpent (10)]
 24770 | Snake:2  | Slain by a shock serpent

Skill      XL: |  1  2  3  4  5  6  7  8  9 10 11 12 13 14 15 16 17 18 |
---------------+-------------------------------------------------------+-----
Fighting       | 1 3 4 5 6 8 9 11 12 13 14 15 16 | 16.9
Long Blades    | 2 4 6 7 9 11 12 14 15 16 | 16.1
Shields        | 1 4 |  4.3
Stealth        | 5 |  5.2
Armour         | 3 9 12 | 12.0
Throwing       | 6 10 13 14 | 14.2
Maces & Flails | |  0.8
Dodging        | |  3.0
Spellcasting   | |  0.2

Action                   |  1- 3 |  4- 6 |  7- 9 | 10-12 | 13-15 | 16-18 || total
-------------------------+-------+-------+-------+-------+-------+-------++-------
Melee: Whip              |    37 |       |       |       |       |       ||    37
       Bite              |     5 |    16 |    60 |   125 |   384 |   453 ||  1043
       Mace              |    38 |       |       |       |       |       ||    38
       Flail             |    12 |   181 |       |       |       |       ||   193
       Scimitar          |       |       |   201 |   338 |  1223 |   720 ||  2482
       Double sword      |       |       |       |       |       |   613 ||   613
       Eveningstar       |       |       |       |       |       |    37 ||    37
Throw: Throwing net      |       |       |       |       |     2 |     1 ||     3
       Javelin           |       |       |       |       |     2 |     6 ||     8
Invok: Berserk           |       |       |       |     6 |       |    10 ||    16
       Brothers in Arms  |       |       |       |     1 |     2 |     1 ||     4
       Trog's Hand       |       |       |       |       |     3 |     5 ||     8
 Abil: Evoke Flight      |       |       |       |     1 |       |     1 ||     2
  Use: Scroll            |     4 |       |     9 |     7 |    12 |     7 ||    39
       Potion            |       |     2 |     1 |     1 |     1 |       ||     5
 Stab: Sleeping          |     7 |     2 |     7 |       |       |       ||    16
       Invisible         |       |       |       |     4 |       |     2 ||     6
       Distracted        |       |       |       |       |     2 |     1 ||     3
       Held in net/web   |       |       |       |       |       |     1 ||     1
  Eat: Chunk             |       |     6 |     9 |    11 |    36 |    30 ||    92
       Ration            |       |       |       |     4 |       |     2 ||     6
Armor: Robe              |    17 |       |       |       |       |       ||    17
       Scale mail        |       |    98 |    33 |    12 |       |       ||   143
       Leather armour    |       |       |     7 |       |       |       ||     7
       Plate armour      |       |       |       |    93 |   540 |   772 ||  1405
Dodge: Dodged            |    70 |   136 |    75 |   102 |   232 |   428 ||  1043
Block: Buckler           |       |       |    49 |   129 |   531 |   566 ||  1275
       Reflection        |       |       |       |       |       |    31 ||    31
